AoeStats
← koppzer

Oasis

509979125Analyzed
4v4 RM · 3d ago on Sep 28, 2026· 26m 57s· 8 players
Game mode
Random Map
Map size
Large (8 player)
Population
200
Speed
Normal
Resources
Standard
Victory
Conquest
Starting age
Dark Age
Ending age
Imperial Age
RankedLock teamsTeams togetherTeam positionsShared explorationLock speedFull tech treeHidden civsTurbo modeCheats
Victory
Defeat
🇨🇦 Sicilians · Canada
1321
+15
🇺🇸 Portuguese · United States
1253
+18
🇺🇸 Magyars · United States
1235
+18
🇲🇽 Berbers · Mexico
1216
+19
🇧🇷 Britons · Brazil
1350
-19
🇦🇷 Tupi · Argentina
1302
-18
🇪🇸 Persians · Spain
1292
-18
🇹🇷 Teutons · Türkiye
1216
-15
Shell
10:53 Feudal Age
11:19 Horse Collar
14:38 Castle Age
13:32 Horse Collar
14:15 Double-Bit Axe
17:39 Fletching
17:50 Padded Archer Armor
20:43 Leather Archer Armor
24:01 Ballistics
25:53 Bodkin Arrow
26:13 Bloodlines
26:04 Husbandry
chillysloth
11:11 Feudal Age
16:10 Castle Age
14:00 Double-Bit Axe
14:26 Horse Collar
15:48 Gold Mining
16:50 Bloodlines
16:43 Loom
21:25 Husbandry
26:07 Town Watch
27:20 Wheelbarrow
koppzer
11:05 Loom
12:53 Feudal Age
13:17 Man-at-Arms
13:53 Double-Bit Axe
13:50 Horse Collar
16:04 Fletching
19:32 Castle Age
18:29 Padded Archer Armor
19:34 Crossbowman
20:22 Bodkin Arrow
20:58 Bow Saw
Aczino
5:38 Loom
9:36 Feudal Age
10:12 Double-Bit Axe
15:09 Horse Collar
18:06 Wheelbarrow
18:23 Wheelbarrow
18:26 Gold Mining
22:10 Castle Age
20:23 Scale Barding Armor
20:28 Forging
21:44 Bloodlines
22:15 Light Cavalry
23:55 Bow Saw
24:28 Husbandry
27:39 Gold Shaft Mining
[UNZ] SmellyCoder70
12:15 Feudal Age
14:51 Loom
18:27 Castle Age
17:20 Double-Bit Axe
17:46 Horse Collar
24:48 Husbandry
25:42 Wheelbarrow
26:41 Bloodlines
Kuroko
3:30 Loom
10:56 Feudal Age
16:15 Castle Age
14:47 Double-Bit Axe
14:54 Fletching
15:05 Padded Archer Armor
16:52 Crossbowman
21:49 Bodkin Arrow
22:32 Leather Archer Armor
LordofSun
7:09 Loom
10:15 Feudal Age
18:05 Fletching
23:12 Castle Age
23:16 Crossbowman
_FreeZon3_
0:37 Loom
10:59 Feudal Age
11:49 Double-Bit Axe
11:54 Horse Collar
13:39 Gold Mining
14:31 Man-at-Arms
20:13 Castle Age
19:43 Forging
19:46 Scale Mail Armor
21:25 Bow Saw
Connection lost

Rejoining the realm…

Still unreachable

The connection could not be restored.

Session expired

The server has moved on; the page needs a fresh start.